 Dungeon Crawl Stone Soup version 0.21-a0-525-ga34b322 (webtiles) character file.

3046 slep the Cleaver (level 9, -1/46 HPs)
             Began as a Vine Stalker Gladiator on Dec 8, 2017.
             Was a Priest of Okawaru.
             Slain by a human
             ... wielding a +0 hand axe
              (3 damage)
             ... on level 7 of the Dungeon.
             The game lasted 00:21:27 (5019 turns).

slep the Cleaver (Vine Stalker Gladiator)           Turns: 5019, Time: 00:21:28

Health: -1/46      AC:  8    Str: 20    XL:     9   Next: 87%
Magic:  0/10       EV: 10    Int:  8    God:    Okawaru [***...]
Gold:   286        SH: 10    Dex: 20    Spells: 8/8 levels left

rFire    . . .     SeeInvis .   a - +0 war axe
rCold    . . .     Gourm    +   p - +0 shield
rNeg     . . .     Faith    .   M - +0 scale mail {rPois}
rPois    +         Spirit   +   c - +0 helmet
rElec    .         Reflect  .   (no cloak)
rCorr    .         Harm     .   (no gloves)
MR       +....     Rnd*Tele +   j - +0 pair of boots
Stlth    ++........             s - amulet of the gourmand
HPRegen  0.55/turn              m - ring of teleportation (curse)
MPRegen  0.12/turn              z - +4 ring of dexterity

@: no status effects
A: fangs 3, regeneration 1, magic shield, antimagic bite, no potion heal 3, rot
immunity
a: Heroism, Renounce Religion


You were on level 7 of the Dungeon.
You worshipped Okawaru.
Okawaru was most pleased with you.
You were full.

You visited 2 branches of the dungeon, and saw 8 of its levels.
You also visited: Ossuary.

You collected 286 gold pieces.

Inventory:

Hand Weapons
 a - a +0 war axe (weapon)
Missiles
 d - 3 throwing nets (quivered)
Armour
 b - a +0 leather armour
 c - a +0 helmet (worn)
 j - a +0 pair of boots (worn)
 p - a +0 shield (worn)
 E - a +1 robe of resistance
 K - a +0 pair of boots
 M - a +0 scale mail of poison resistance (worn)
 N - a cursed +0 ring mail
Jewellery
 m - a cursed ring of teleportation (left hand)
 s - an amulet of the gourmand (around neck)
 z - a +4 ring of dexterity (right hand)
Wands
 l - a wand of enslavement (17)
 o - a wand of paralysis (15)
 u - a wand of random effects (24)
 C - a wand of disintegration (15)
Scrolls
 e - 8 scrolls of random uselessness {unknown}
 h - 5 scrolls of remove curse {unknown}
 i - 13 scrolls of identify {unknown}
 k - 3 scrolls of enchant weapon {unknown}
 n - 2 scrolls of immolation {unknown}
 r - 2 scrolls of teleportation {unknown}
 t - 2 scrolls of noise {unknown}
 y - a scroll of fog {unknown}
 B - a scroll of magic mapping {unknown}
 D - a scroll of fear {unknown}
 L - a scroll of silence {unknown}
Potions
 g - 3 potions of lignification
 w - 2 potions of agility
 x - a potion of flight
 A - 6 potions of curing
 G - 2 potions of heal wounds {unknown}
 H - a potion of might {unknown}
 I - a potion of invisibility
 J - a potion of berserk rage {unknown}
Comestibles
 f - 4 bread rations
 q - a meat ration
 v - a fruit
 F - a royal jelly


   Skills:
 + Level 4.8 Fighting
 + Level 8.9 Axes
 + Level 1.9 Throwing
 + Level 2.0 Armour
 + Level 4.3 Dodging
 + Level 5.3 Stealth
 + Level 4.2 Shields


You had 8 spell levels left.
You didn't know any spells.

Dungeon Overview and Level Annotations

Branches:
Dungeon (7/15)             Temple (1/1) D:5

Altars:
Ashenzari
Cheibriados
Dithmenos
Elyvilon
Gozag
Hepliaklqana
Kikubaaqudgha
Makhleb
Nemelex Xobeh
Okawaru
Qazlal
Ru
Trog
Uskayaw
Vehumet
Wu Jian
Xom
Yredelemnul
Zin
The Shining One

Shops:
D:5 (


Innate Abilities, Weirdness & Mutations

You have razor-sharp teeth.
Your natural rate of healing is unusually fast.
When hurt, damage is shared between your health and your magic reserves.
Your bite disrupts and absorbs the magic of your enemies.
Potions cannot restore your health.
You are immune to rotting.


Message History

You block the hog's attack. The hog bites you.
* * * LOW HITPOINT WARNING * * *
You block the hog's attack. The hog barely misses you.
The hog bites you but does no damage.
You hit the hog but do no damage. You bite the hog, but do no damage.
The hog is moderately wounded.
You hit the hog. You slash the hog!
You kill the hog!
Okawaru accepts your kill.
Your Armour skill increases to level 2!
You feel sick.
You are no longer poisoned.
You block the hog's attack. The hog bites you!
* * * LOW HITPOINT WARNING * * *
You slash the hog!
The hog is severely wounded.
You hit the human. You hit the hog but do no damage. The hog bites you!
* * * LOW HITPOINT WARNING * * *
You block the hog's attack. The human hits you with a hand axe.
You die...

#........'....#
#.)).....####.#
##<)..#### ###
######### ..#
#(......#
..###†#####.##
.......?.....)
...........#######
#..#....####%%#h@#
#..#....# #%.#ph#
#....##....#..'.h#
#.##.#######..#..#
#>.........#..#..#
##########.#+#####


You could see 3 hogs and a human.

Vanquished Creatures
  The ghost of jlumianski the Slasher, a novice TrWz of Hepliaklqana (D:6)
  The ghost of mrwookie the Magician, an amateur DENe of Kikubaaqudgha (D:5)
  A hog (D:7)
  2 orc warriors
  4 ice beasts
  A phantom (D:3)
  A sky beast (D:6)
  2 black bears
  2 ogres (D:5)
  3 scorpions
  3 howler monkeys
  2 crimson imps
  3 hounds (D:5)
  2 jellies
  A gnoll shaman (D:3)
  4 orc priests
  A centaur skeleton (D:6)
  A centaur zombie (D:5)
  7 orc wizards
  2 bullfrog skeletons
  A worker ant (D:4)
  A hound zombie (D:6)
  4 mummies (Ossuary)
  A worker ant zombie (D:5)
  6 adders
  9 gnolls
  2 shadow imps
  An adder zombie (D:6)
  2 worms (D:3)
  A dart slug (D:2)
  2 leopard geckos
  19 orcs
  11 bats
  2 giant cockroaches (D:3)
  5 hobgoblins
  5 jackals
  2 quokkas (D:2)
  4 frilled lizards
  2 gnoll zombies (Ossuary)
  6 goblins
  3 goblin zombies (Ossuary)
  2 hobgoblin zombies (Ossuary)
  5 kobolds
  An orc zombie (Ossuary)
  6 rats
147 creatures vanquished.

Notes
Turn   | Place    | Note
-------+----------+-------------------------------------------
     0 | D:1      | slep the Vine Stalker Gladiator began the quest for the Orb.
     0 | D:1      | Reached XP level 1. HP: 11/11 MP: 2/2
   100 | D:1      | Reached skill level 3 in Axes
   133 | D:1      | Reached XP level 2. HP: 11/15 MP: 3/3
   738 | D:2      | Reached XP level 3. HP: 16/18 MP: 4/4
  1266 | D:3      | Reached skill level 1 in Armour
  1266 | D:3      | Reached skill level 1 in Shields
  1266 | D:3      | Gained mutation: Your natural rate of healing is unusually fast. [Vine Stalker growth]
  1266 | D:3      | Reached XP level 4. HP: 14/23 MP: 5/5
  1313 | D:3      | Noticed a phantom
  1330 | D:3      | Killed a phantom
  1330 | D:3      | Reached skill level 4 in Axes
  1330 | D:3      | Reached XP level 5. HP: 26/26 MP: 6/6
  1569 | D:3      | Reached XP level 6. HP: 8/32 MP: 2/7
  2037 | D:3      | Reached skill level 1 in Stealth
  2161 | D:4      | Found an ornate altar of the Wu Jian Council.
  2258 | D:4      | Found a snail-covered altar of Cheibriados.
  2400 | D:4      | Reached XP level 7. HP: 30/35 MP: 8/8
  2575 | D:4      | Reached skill level 5 in Axes
  2767 | D:4      | Found a glowing silver altar of Zin.
  2912 | D:5      | Entered Level 5 of the Dungeon
  2982 | D:5      | Noticed mrwookie's ghost (amateur DENe)
  3017 | D:5      | Killed mrwookie's ghost
  3063 | D:5      | Gained mutation: You have razor-sharp teeth. [Vine Stalker growth]
  3063 | D:5      | Reached XP level 8. HP: 20/40 MP: 1/9
  3169 | D:5      | Reached skill level 6 in Axes
  3391 | D:5      | Found a staircase to the Ecumenical Temple.
  3404 | Temple   | Entered the Ecumenical Temple
  3517 | Temple   | Became a worshipper of Warmaster Okawaru
  3661 | D:5      | Found Soabopa's Weapon Boutique.
  3761 | D:5      | Reached skill level 7 in Axes
  4038 | D:6      | Noticed jlumianski's ghost (novice TrWz)
  4054 | D:6      | Killed jlumianski's ghost
  4054 | D:6      | Reached * piety under Okawaru
  4054 | D:6      | Reached XP level 9. HP: 17/45 MP: 10/10
  4057 | D:6      | Reached ** piety under Okawaru
  4063 | D:6      | Found a shadowy altar of Dithmenos.
  4068 | D:6      | Reached skill level 8 in Axes
  4202 | D:6      | Reached skill level 5 in Stealth
  4410 | D:6      | Found a sand-covered staircase.
  4416 | Ossuary  | Entered an ossuary
  4832 | D:6      | Found a shattered altar of Ashenzari.
  4998 | D:7      | Reached *** piety under Okawaru
  5019 | D:7      | HP: 2/46 [hog (5)]
  5019 | D:7      | Slain by a human

Vault maps used:
D:1:      lightli_arrival_isolated_outpost, lemuel_old_faithful
D:3:      minmay_cut_off
D:4:      zin_statuary, overflow_temple_1_default, lemuel_doored_altar
D:5:      minmay_temple_entry_glassed_door, serial_shops,
          nicolae_shop_waterfront, first_bread
D:6:      evilmike_ruin_ashenzari, nicolae_ossuary_entry_plus,
          grunt_dithmenos_smoke_and_mirrors
D:7:      grunt_livestock, nrook_mini_vaults
Temple:   nicolae_temple_elliptical
Ossuary:  ossuary_crypta

Skill      XL: |  1  2  3  4  5  6  7  8  9 |
---------------+----------------------------+-----
Axes           | 3 4 5 7 8 |  8.9
Fighting       | 2 3 4 |  4.8
Armour         | 1 2 |  2.0
Shields        | 1 2 3 4 |  4.2
Dodging        | 3 4 |  4.3
Stealth        | 2 4 5 |  5.3
Throwing       | |  1.9

Action                   |  1- 3 |  4- 6 |  7- 9 || total
-------------------------+-------+-------+-------++-------
Melee: War axe           |    94 |   118 |   302 ||   514
       Bite              |    20 |    29 |   106 ||   155
Evoke: Wand              |       |       |     1 ||     1
  Use: Potion            |       |     2 |     4 ||     6
 Stab: Sleeping          |     1 |     1 |     9 ||    11
       Invisible         |       |     8 |       ||     8
  Eat: Chunk             |     2 |    11 |     7 ||    20
Armor: Leather armour    |    35 |    38 |       ||    73
       Skin              |       |       |    21 ||    21
       Robe              |       |       |    29 ||    29
       Scale mail        |       |       |    18 ||    18
Dodge: Dodged            |    69 |    47 |   114 ||   230
Block: Shield            |    27 |    47 |   133 ||   207

Table legend:
 A = Spawn XP
 B = Non-spawn XP
 C = Spawn XP percentage of total XP
 D = Spawn monster count
 E = Non-spawn monster count
 F = Spawn count percentage of total count
 G = Total turns spent on level
                    A         B        C        D         E        F      G
               +---------+---------+-------+---------+---------+-------+---------
         Total |       0 |    4352 |   0.0 |       0 |     147 |   0.0 |  5019
               +---------+---------+-------+---------+---------+-------+---------
           D:1 |       0 |      28 |   0.0 |       0 |      20 |   0.0 |   632
           D:2 |       0 |      35 |   0.0 |       0 |      12 |   0.0 |   568
           D:3 |       0 |     425 |   0.0 |       0 |      32 |   0.0 |   919
           D:4 |       0 |     254 |   0.0 |       0 |      14 |   0.0 |   793
           D:5 |       0 |    1198 |   0.0 |       0 |      26 |   0.0 |   971
           D:6 |       0 |    1629 |   0.0 |       0 |      19 |   0.0 |   668
           D:7 |       0 |     702 |   0.0 |       0 |      12 |   0.0 |    76
       Ossuary |       0 |      81 |   0.0 |       0 |      12 |   0.0 |   237
               +---------+---------+-------+---------+---------+-------+---------
